 Dungeon Sprint DCSS version 0.20-a0-495-g2241292 (webtiles) character file.

128 kae the Basher (level 5, -7/47 HPs)
             Began as a Formicid Fighter on Jan 18, 2017.
             Mangled by a sixfirhy (10 damage)
             ... summoned by an orc sorcerer
             ... in the Dungeon (Sprint III: "The Ten Rune Challenge").
             The game lasted 00:01:01 (498 turns).

kae the Basher (Formicid Fighter)                    Turns: 498, Time: 00:01:01

Health: -7/47      AC:  8    Str: 22    XL:     5   Next: 33%
Magic:  5/5        EV:  8    Int:  7    God:
Gold:   26         SH:  9    Dex: 10    Spells: 4/4 levels left

rFire    . . .     SeeInvis +   a - +0 flail
rCold    . . .     Gourm    .   b - +0 scale mail
rNeg     . . .     Faith    .   c - +0 shield
rPois    .         Spirit   .   (helmet unavailable)
rElec    .         Reflect  .   d - +0 cloak
rCorr    .         Harm     .   (no gloves)
MR       .....                  (no boots)
Stlth    ..........             (no amulet)
Regen    0.2/turn               (no ring)
                                (no ring)

@: no status effects
A: permanent stasis, dig shafts and tunnels, four strong arms, antennae 3
a: Dig


You were in the Dungeon.
You were not hungry.

You visited 1 branch You collected 26 gold pieces.

Inventory:

Hand Weapons
 a - a +0 flail (weapon)
Armour
 b - a +0 scale mail (worn)
 c - a +0 shield (worn)
 d - a +0 cloak (worn)
Scrolls
 q - a scroll of remove curse
Potions
 e - 2 potions of curing
 g - a potion of heal wounds
 i - 2 potions of magic
 n - 2 potions of mutation
 s - 2 potions of cure mutation
 t - 2 potions of flight
Comestibles
 f - a bread ration
 m - a meat ration
 r - 3 fruits
 v - a royal jelly


   Skills:
 + Level 6.9 Fighting
 * Level 8.2 Maces & Flails
 - Level 3.2 Armour
 - Level 3.6 Shields


You had 4 spell levels left.
You didn't know any spells.

Dungeon Overview and Level Annotations

Branches:
Dungeon (1/1)

Altars:

Shops:
D }


Innate Abilities, Weirdness & Mutations

You cannot be hasted, slowed, berserked, paralysed or teleported.
You can dig through walls and to a lower floor.
Your four strong arms can wield two-handed weapons with a shield.
You have a pair of large antennae on your head. (SInv)


Message History

You sense a monster nearby.
You extend your mandibles.
You dig through the rock wall. 15 orcs come into view.
The orc shouts! x3; The orc priest shouts! x3; The orc high priest shouts!
The orc shouts! x4; The orc warrior shouts!
The orc sorcerer casts a spell.
The orc priest miscasts a cantrip.
Found 1109 gold pieces.
Found Utahuat's Gadget Shoppe.
An orc wizard and an orc sorcerer come into view.
You retract your mandibles.
The orc priest looks satisfied for a moment.
The sixfirhy hits you but does no damage.
The sixfirhy hits you! The sixfirhy shocks you! The sixfirhy hits you.
The sixfirhy shocks you!
* * * LOW HITPOINT WARNING * * *
The sixfirhy hits you!
* * * LOW HITPOINT WARNING * * *
The sixfirhy shocks you!
You die...

▓▓▓▓▓▓▓ ▓▓▓ ▓▓ .?....♣♣♣ ♣.#
##$$# .#....♣.♣ ♣.# { ##$3∩#$
##....♣.♣ ♣.#{ { {{ {$o...o
.#....≈.♣♣♣♣.###+#+###+##$oo.o..
.#.).≈≈♣.....#..@3...ooo.oooo..o
.#..≈≈≈≈♣....'.⌠........#o##$$##
[#..≈≈≈≈≈≈♣..#...######+#.$o
.#.≈≈≈≈≈≈....#.⌠.#{ { +###
.#.≈≈≈≈≈.....#...#
.#.≈≈≈.......#+###
##...........# {{ .............#
▓▓▓▓▓▓▓▓▓▓▓▓▓▓


You could see a sixfirhy and 3 orcs.

Vanquished Creatures
  A water elemental (D)
  Crazy Yiuf (D)
  Jessica (D)
  A human (D)
  3 rats (D)
7 creatures vanquished.

Vanquished Creatures (others)
  2 draconian scorchers (D)
  6 hellions (D)
  A yaktaur (D)
9 creatures vanquished.

Grand Total: 16 creatures vanquished

Notes
Turn   | Place    | Note
-------+----------+-------------------------------------------
     0 | D        | kae the Formicid Fighter began the quest for the Orb.
     0 | D        | Reached XP level 1. HP: 18/18 MP: 1/1
    16 | D        | Noticed Jessica
    28 | D        | Killed Jessica
    28 | D        | Reached skill level 5 in Maces & Flails
    28 | D        | Reached XP level 2. HP: 17/26 MP: 2/2
    28 | D        | Reached XP level 3. HP: 21/32 MP: 3/3
    93 | D        | Killed a hellion
   131 | D        | Killed a hellion
   136 | D        | Reached skill level 5 in Fighting
   136 | D        | Reached skill level 6 in Maces & Flails
   141 | D        | Noticed Crazy Yiuf
   148 | D        | Killed Crazy Yiuf
   148 | D        | Reached XP level 4. HP: 35/40 MP: 4/4
   148 | D        | Killed a hellion
   148 | D        | Killed a hellion
   150 | D        | Killed a hellion
   159 | D        | Killed a hellion
   159 | D        | Killed a white draconian scorcher
   162 | D        | Killed a white draconian scorcher
   169 | D        | Noticed a water elemental
   178 | D        | Killed a water elemental
   178 | D        | Reached skill level 8 in Maces & Flails
   178 | D        | Reached XP level 5. HP: 24/47 MP: 5/5
   222 | D        | Killed a yaktaur
   490 | D        | Found Utahuat's Gadget Shoppe.
   490 | D        | Noticed an orc sorcerer
   490 | D        | Noticed an orc high priest
   490 | D        | Noticed an orc warrior
   491 | D        | Noticed a sixfirhy
   491 | D        | Noticed an orc sorcerer
   498 | D        | Mangled by a sixfirhy

Vault maps used:
D:        dungeon_sprint_mu

Skill      XL: |  1  2  3  4 |
---------------+-------------+-----
Fighting       | 4 5 6 |  6.9
Maces & Flails | 5 6 8 |  8.2
Armour         | |  3.2
Shields        | |  3.6

Action                   |  1- 3 |  4- 6 || total
-------------------------+-------+-------++-------
Melee: Flail             |    20 |     7 ||    27
 Abil: Dig               |       |     1 ||     1
  Use: Potion            |     1 |       ||     1
       Scroll            |       |     5 ||     5
Armor: Scale mail        |     6 |     1 ||     7
Dodge: Dodged            |     3 |     2 ||     5
Block: Shield            |     6 |     4 ||    10
